 Dungeon Crawl Stone Soup version 0.31-a0-182-gc5ef74bbde (webtiles) character file.

Game seed: 4816945103710670278

2058 qw the Cleaver (level 9, -4/55 HPs)
             Began as a Gargoyle Fighter on June 20, 2023.
             Was a Follower of Okawaru.
             Slain by a wyvern (11 damage)
             ... on level 6 of the Dungeon.
             The game lasted 00:02:53 (5237 turns).

qw the Cleaver (Gargoyle Fighter)                   Turns: 5237, Time: 00:02:53

Health: -4/55      AC: 16    Str: 24    XL:     9   Next: 25%
Magic:  10/12      EV: 11    Int:  9    God:    Okawaru [*.....]
Gold:   261        SH:  6    Dex:  9    Spells: 8/8 levels left

rFire   + . .        Y - +4 broad axe
rCold   . . .        c - +0 buckler
rNeg    + . .        h - +2 scale mail {rF+}
rPois   inf          (no helmet)
rElec   +            (no cloak)
rCorr   .            (no gloves)
SInv    +            (no boots)
Will    .....        (no amulet)
Stlth   +            b - ring of see invisible
HPRegen 0.29/turn    (no ring)
MPRegen 0.13/turn

%: no passive effects
@: heroic
A: sickness immunity, AC +6, negative energy resistance 1, electricity
resistance, torment resistance 1, petrification resistance
a: Renounce Religion, Heroism


You were on level 6 of the Dungeon.
You worshipped Okawaru.
Okawaru was aware of your devotion.
You visited 2 branches of the dungeon, and saw 8 of its levels.

You collected 261 gold pieces.


Innate Abilities, Weirdness & Mutations

You are immune to sickness and miasma.
Your stone body is resilient. (AC +6)
You are immune to poison.
You resist negative energy. (rN+)
You are resistant to electric shocks. (rElec)
You are resistant to unholy torment.
You are immune to petrification.


   Skills:
 + Level 6.0(11.0) Fighting
 - Level 9.0(14.0) Axes
 - Level 3.2(8.2) Armour
 - Level 1.4(6.4) Dodging
 - Level 4.5(9.5) Shields
 - Level 4.0 Invocations


You had 8 spell levels left.
You didn't know any spells.
Your spell library was empty.

Inventory:

Hand Weapons
 a - a +0 flail
 Y - a +4 broad axe (weapon)
Armour
 c - a +0 buckler (worn)
 h - a +2 scale mail of fire resistance (worn)
 j - a +0 chain mail
Jewellery
 b - a ring of see invisible (left hand)
Scrolls
 f - 3 scrolls of identify
Potions
 d - 2 potions of might
 e - a potion of lignification
 g - a potion of haste
 l - a potion of curing

Dungeon Overview and Level Annotations

Branches:
Dungeon (7/15)             Temple (1/1) D:4

Altars:
Ashenzari
Cheibriados
Dithmenos
Elyvilon
Fedhas
Gozag
Hepliaklqana
Kikubaaqudgha
Makhleb
Nemelex Xobeh
Okawaru
Qazlal
Ru
Sif Muna
Trog
Uskayaw
Vehumet
Wu Jian
Xom
Yredelemnul
Zin
The Shining One

Shops:
D:1 (


Message History

Things that are here:
a +0 leather armour; a +0 club; a human corpse
Enter note:
Enter note:
Enter note:
Enter note:
Enter note:
Enter note:
Enter note:
Enter note:
Enter note:
Enter note:
Enter note:
Enter note:
Enter note:
Enter note:
Enter note:
5233 ||| INVOKING Heroism.
You gain the combat prowess of a mighty hero.
The water moccasin misses you. The wyvern bites you.
You closely miss the wyvern. You slash the water moccasin!
The water moccasin bites you but does no damage.
The wyvern bites you but does no damage.
You miss the water moccasin.
The water moccasin is heavily wounded.
You closely miss the wyvern. The water moccasin closely misses you.
You block the wyvern's attack. You block the water moccasin's attack.
The wyvern bites you but does no damage.
You closely miss the water moccasin.
The water moccasin is heavily wounded.
You slash the wyvern! The wyvern barely misses you.
The water moccasin bites you but does no damage.
You completely miss the wyvern.
The wyvern is heavily wounded.
You hit the water moccasin. The wyvern barely misses you.
The water moccasin barely misses you. The wyvern bites you!
You die...

#......#
#......#########
#..............#
.)......######.#########
#.......# #.#.......#
#......## #.#.#####.#
#......# #.#.# #.#
###..#########.#[#####.#
...............[@l..##.#
.....########..#.S#.##.#
###...............#.##.#
...............#..#.##.#
###............#..#.##.#
#........###.#..#.##.#
#........#.#...##.##.#
#........#.#......##.#
####.....)[#..##..##.#


You could see a water moccasin and a wyvern.

Vanquished Creatures
  5 humans (D:6)
  Menkaure (D:4)
  An ice beast (D:6)
  An ogre (D:6)
  A bullfrog (D:6)
  4 scorpions
  A hound (D:6)
  2 jellies
  An orc priest (D:3)
  3 gnoll boudas
  A sleepcap (D:5)
  3 iguanas
  4 orc wizards
  A mummy (D:5)
  16 gnolls
  9 adders
  A white imp (D:6)
  An ufetubus (D:5)
  A worm (D:2)
  A dart slug (D:2)
  15 orcs
  7 ball pythons
  11 bats
  6 endoplasms
  2 giant cockroaches
  15 goblins
  6 hobgoblins
  A jackal (D:3)
  5 quokkas
  3 frilled lizards
  A hobgoblin zombie (D:5)
  7 kobolds
  An orc zombie (D:5)
  6 rats
144 creatures vanquished.

Notes
Turn   | Place    | Note
-------+----------+-------------------------------------------
     0 | D:1      | qw the Gargoyle Fighter began the quest for the Orb.
     0 | D:1      | Reached XP level 1. HP: 14/14 MP: 1/1
     0 | D:1      | 0 ||| qw: Version: 0.3-a-9-g12657ce
     0 | D:1      | 0 ||| qw: Game counter: 1385
     0 | D:1      | 0 ||| qw: Always use a shield: true
     0 | D:1      | 0 ||| qw: God list: Okawaru
     0 | D:1      | 0 ||| qw: Allow faded altars: false
     0 | D:1      | 0 ||| qw: Do Orc after D:15 true
     0 | D:1      | 0 ||| qw: Do second Lair branch before Depths: true
     0 | D:1      | 0 ||| qw: Lair rune preference: random
     0 | D:1      | 0 ||| qw: Plans: Normal, Zot:1-4, Slime:5, God:TSO, Crypt,
                  | Tomb, Abyss, Pan, Hells, Win
     0 | D:1      | 0 ||| PLANNING D:1-11
    92 | D:1      | Reached skill level 2 in Axes
   188 | D:1      | HP: 3/14 [quokka (4)]
   192 | D:1      | Reached XP level 2. HP: 6/19 MP: 2/2
   319 | D:1      | Found Totsi's Weapon Emporium.
   327 | D:1      | 327 ||| SHOPLISTING +0 club (12 gold, have 5).
   327 | D:1      | 327 ||| SHOPLISTING +0 mace (36 gold, have 5).
   451 | D:1      | 451 ||| Stepping ~*~*~tactically~*~*~ (stealth).
   500 | D:1      | Reached skill level 3 in Axes
   529 | D:1      | Reached XP level 3. HP: 22/23 MP: 3/3
   604 | D:1      | Found a faded altar of an unknown god.
   883 | D:1      | 883 ||| UPGRADING to +2 scale mail of fire resistance.
   893 | D:1      | 893 ||| DROPPING +0 scale mail.
   894 | D:1      | 894 ||| READING scroll labelled HIATITZABINLY.
   895 | D:1      | 895 ||| READING 2 scrolls labelled XESSOFRE NEYC.
   896 | D:1      | 896 ||| READING scroll labelled XALAIL EVOFAUM.
   987 | D:2      | 987 ||| Stepping ~*~*~tactically~*~*~ (stealth).
   988 | D:2      | 988 ||| Stepping ~*~*~tactically~*~*~ (stealth).
  1355 | D:2      | Reached XP level 4. HP: 28/28 MP: 4/4
  1526 | D:2      | Reached skill level 4 in Axes
  1526 | D:2      | 1526 ||| Stepping ~*~*~tactically~*~*~ (stealth).
  1645 | D:2      | 1645 ||| UPGRADING to ring of see invisible.
  1646 | D:2      | 1646 ||| READING scroll labelled SUUHIO KUONN.
  1647 | D:2      | 1647 ||| READING scroll labelled LEFUFE TUAQ.
  1669 | D:3      | 1669 ||| Stepping ~*~*~tactically~*~*~ (stealth).
  1671 | D:3      | 1671 ||| Stepping ~*~*~tactically~*~*~ (hiding).
  1704 | D:3      | 1704 ||| Stepping ~*~*~tactically~*~*~ (stealth).
  1812 | D:3      | 1812 ||| Stepping ~*~*~tactically~*~*~ (hiding).
  1813 | D:3      | 1813 ||| Stepping ~*~*~tactically~*~*~ (hiding).
  1819 | D:3      | Reached XP level 5. HP: 32/32 MP: 5/5
  2032 | D:3      | 2032 ||| Stepping ~*~*~tactically~*~*~ (stealth).
  2033 | D:3      | 2033 ||| Stepping ~*~*~tactically~*~*~ (stealth).
  2070 | D:3      | 2070 ||| Stepping ~*~*~tactically~*~*~ (stealth).
  2163 | D:3      | 2163 ||| Stepping ~*~*~tactically~*~*~ (stealth).
  2269 | D:3      | Reached skill level 5 in Axes
  2409 | D:3      | 2409 ||| SWAPPING to +4 broad axe.
  2410 | D:3      | 2410 ||| DROPPING +0 heavy war axe.
  2411 | D:3      | 2411 ||| READING scroll labelled FIFE NUFUTT.
  2412 | D:3      | 2412 ||| READING scroll labelled KUWOJE CAET.
  2524 | D:4      | Reached skill level 1 in Dodging
  2524 | D:4      | Reached XP level 6. HP: 38/38 MP: 6/6
  2575 | D:4      | Noticed Menkaure
  2576 | D:4      | 2576 ||| Stepping ~*~*~tactically~*~*~ (hiding).
  2583 | D:4      | Killed Menkaure
  2608 | D:4      | Found a staircase to the Ecumenical Temple.
  2609 | D:4      | 2609 ||| PLANNING TEMPLE
  2609 | D:4      | 2609 ||| READING 5 scrolls of identify.
  2609 | D:4      | 2609 ||| IDENTIFYING fuming dark potion
  2610 | D:4      | 2610 ||| READING 4 scrolls of identify.
  2610 | D:4      | 2610 ||| IDENTIFYING amethyst potion
  2611 | D:4      | 2611 ||| DROPPING potion of brilliance.
  2618 | Temple   | Entered the Ecumenical Temple
  2725 | Temple   | 2725 ||| PLANNING OKAWARU WORSHIP
  2829 | Temple   | Became a worshipper of Warmaster Okawaru
  2830 | Temple   | 2830 ||| PLANNING D:1-11
  3097 | D:4      | Reached skill level 6 in Axes
  3098 | D:4      | 3098 ||| DROPPING +0 club.
  3212 | D:4      | Reached XP level 7. HP: 43/43 MP: 7/7
  3313 | D:5      | Entered Level 5 of the Dungeon
  3369 | D:5      | 3369 ||| Stepping ~*~*~tactically~*~*~ (hiding).
  3384 | D:5      | 3384 ||| FLEEEEING.
  3418 | D:5      | 3418 ||| FLEEEEING.
  3610 | D:5      | 3610 ||| Stepping ~*~*~tactically~*~*~ (stealth).
  3611 | D:5      | 3611 ||| Stepping ~*~*~tactically~*~*~ (stealth).
  3628 | D:5      | Reached skill level 7 in Axes
  3639 | D:5      | 3639 ||| DROPPING +0 whip.
  3651 | D:5      | Reached * piety under Okawaru
  3656 | D:5      | 3656 ||| INVOKING Heroism.
  3664 | D:5      | 3664 ||| Stepping ~*~*~tactically~*~*~ (stealth).
  3822 | D:5      | 3822 ||| Stepping ~*~*~tactically~*~*~ (stealth).
  3832 | D:5      | 3832 ||| INVOKING Heroism.
  3839 | D:5      | Reached XP level 8. HP: 49/49 MP: 5/8
  3842 | D:5      | 3842 ||| INVOKING Heroism.
  4137 | D:5      | 4137 ||| READING scroll labelled JATYSE MARRAYM.
  4138 | D:5      | 4138 ||| READING scroll labelled SIC CIMMOENEN.
  4139 | D:5      | 4139 ||| DRINKING 2 bubbling pink potions.
  4140 | D:5      | 4140 ||| READING 3 scrolls of identify.
  4140 | D:5      | 4140 ||| IDENTIFYING murky green potion
  4247 | D:6      | 4247 ||| INVOKING Heroism.
  4250 | D:6      | Reached skill level 1 in Invocations
  4252 | D:6      | 4252 ||| Stepping ~*~*~tactically~*~*~ (stealth).
  4259 | D:6      | 4259 ||| INVOKING Heroism.
  4260 | D:6      | 4260 ||| INVOKING Heroism.
  4262 | D:6      | Reached skill level 8 in Axes
  4276 | D:6      | 4276 ||| Stepping ~*~*~tactically~*~*~ (stealth).
  4278 | D:6      | 4278 ||| FLEEEEING.
  4279 | D:6      | 4279 ||| FLEEEEING.
  4280 | D:6      | 4280 ||| FLEEEEING.
  4286 | D:6      | 4286 ||| FLEEEEING.
  4287 | D:6      | 4287 ||| FLEEEEING.
  4330 | D:6      | 4330 ||| Stepping ~*~*~tactically~*~*~ (stealth).
  4341 | D:6      | 4341 ||| INVOKING Heroism.
  4455 | D:6      | Reached skill level 6 in Fighting
  4478 | D:6      | Found a broken altar of Ashenzari.
  4493 | D:6      | 4493 ||| INVOKING Heroism.
  4551 | D:6      | 4551 ||| Stepping ~*~*~tactically~*~*~ (stealth).
  4554 | D:6      | 4554 ||| INVOKING Heroism.
  4823 | D:6      | 4823 ||| INVOKING Heroism.
  5015 | D:6      | Reached XP level 9. HP: 50/55 MP: 9/11
  5041 | D:6      | Reached skill level 9 in Axes
  5041 | D:6      | Reached skill level 3 in Invocations
  5126 | D:6      | Reached ** piety under Okawaru
  5198 | D:6      | 5198 ||| READING scroll labelled GASHRA DIRA KOE.
  5231 | D:7      | 5231 ||| STAIRDANCE
  5231 | D:7      | HP: 11/55 [wyvern (14)]
  5233 | D:6      | 5233 ||| INVOKING Heroism.
  5237 | D:6      | Slain by a wyvern

Levels and vault maps discovered:
D:1:      dpeg_arrival_arbitrary_a, layout_basic,
          dreamdust_ecumenical_altar_hidden_monk_grotto, serial_shops,
          nicolae_shop_tiny_statue_garden, columned_hall_lemuel
D:2:      layout_basic, minmay_pentomino_u4
D:3:      layout_rooms, minmay_mini_jars
D:4:      layout_loops_ring, minmay_temple_entry_arrows, st_stairs_7,
          uniq_menkaure
D:5:      layout_loops_ring, minmay_mini_ossuary
D:6:      layout_basic, overflow_temple_1_default, minmay_ruffians
D:7:      layout_cave_pools, serial_park, serial_park_gazebo
          [serial_park_minivault_5x5_6], serial_park_square3
          [serial_park_minivault_5x5_3], serial_park_tiny_2,
          hangedman_abyss_or_decor_stabs, hangedman_abyss_or_decor_stagger,
          uniq_pikel, uniq_prince_ribbit1
Temple:   mainiacjoe_temple_archimedes_tessellation

Skill      XL: |  1  2  3  4  5  6  7  8  9 |
---------------+----------------------------+-----
Axes           | 2 3 4 5 6 7 8 9 |  9.0
Fighting       | 4 5 6 |  6.0
Dodging        | 1 |  1.4
Invocations    | 2 4 |  4.0
Shields        | 4 |  4.5
Armour         | |  3.2

Action                     |  1- 3 |  4- 6 |  7- 9 || total
---------------------------+-------+-------+-------++-------
  Melee: War axe           |   148 |    80 |       ||   228
         Broad axe         |       |    43 |   176 ||   219
  Throw: Boomerang         |       |    35 |    14 ||    49
 Invoke: Heroism           |       |       |    10 ||    10
    Use: Scroll            |     3 |     6 |     4 ||    13
         Potion            |       |       |     1 ||     1
 Armour: Scale mail        |    85 |    91 |    88 ||   264
  Dodge: Dodged            |    78 |    68 |    76 ||   222
  Block: Buckler           |    33 |    18 |    33 ||    84

Table legend:
 A = Non-vault XP
 B = Vault XP
 C = Vault XP percentage of total XP
 D = Non-vault monster count
 E = Vault monster count
 F = Vault count percentage of total count
                 A         B        C        D         E       F
            +---------+---------+-------+---------+---------+-------
      Total |    1626 |    1315 |  44.7 |     120 |      24 |  16.7
            +---------+---------+-------+---------+---------+-------
        D:1 |      48 |       0 |   0.0 |      28 |       0 |   0.0
        D:2 |      53 |       5 |   8.6 |      23 |       3 |  11.5
        D:3 |      86 |      73 |  45.9 |      16 |      10 |  38.5
        D:4 |      94 |     262 |  73.6 |      12 |       3 |  20.0
        D:5 |     684 |      20 |   2.8 |      21 |       3 |  12.5
        D:6 |     658 |     955 |  59.2 |      19 |       5 |  20.8
        D:7 |       3 |       0 |   0.0 |       1 |       0 |   0.0
            +---------+---------+-------+---------+---------+-------
